 Dungeon Crawl Stone Soup version 0.19-a0-465-g1d1674b (webtiles) character file.

809 ololoev the Conjurer (level 7, 27/36 HPs)
             Began as a Deep Elf Fire Elementalist on June 3, 2016.
             Quit the game on level 5 of the Dungeon.
             The game lasted 00:13:06 (1414 turns).

ololoev the Conjurer (Deep Elf Fire Elementalist)   Turns: 1414, Time: 00:13:07

Health: 27/36      AC:  3    Str:  5    XL:     7   Next: 61%
Magic:  7/18       EV: 13    Int: 22    God:
Gold:   111        SH:  0    Dex: 15    Spells: 4 memorised, 7 levels left

rFire  . . .     SeeInvis .     e - +0 dagger
rCold  . . .     Gourm    .     a - +1 robe
rNeg   . . .     Faith    .     (no shield)
rPois  .         Spirit   .     (no helmet)
rElec  .         Dismiss  .     (no cloak)
rCorr  .         Reflect  .     (no gloves)
SustAt .         Harm     .     (no boots)
MR     .....                    (no amulet)
Stlth  ++........               (no ring)
                                (no ring)

@: not resistant to hostile enchantments, unstealthy
A: no striking features
a: no special abilities

Inventory:

Hand Weapons
 e - a +0 dagger (weapon)
Armour
 a - a +1 robe (worn)
Scrolls
 d - a scroll of enchant armour
 m - a scroll of recharging
Potions
 g - 2 potions of agility
 h - 4 potions of flight
 l - 2 potions of might {unknown}
Books
 b - a book of Flames

   Spells                             Type                      Level
   a - Flame Tongue                   Conjuration/Fire             1
   b - Throw Flame                    Conjuration/Fire             2
   c - Conjure Flame                  Conjuration/Fire             3
   d - Inner Flame                    Hexes/Fire                   3
   e - Sticky Flame                   Conjuration/Fire             4
   f - Fireball                       Conjuration/Fire             5
Comestibles
 c - 5 bread rations
 f - 2 chunks of flesh
 j - a beef jerky


   Skills:
 - Level 2.4 Dodging
 - Level 2.4 Stealth
 + Level 6.3 Spellcasting
 * Level 6.6 Conjurations
 + Level 5.7 Fire Magic


You had 7 spell levels left.
You knew the following spells:

 Your Spells              Type           Power        Failure   Level  Hunger
a - Flame Tongue          Conj/Fire      ####.        1%          1    None
b - Conjure Flame         Conj/Fire      ####....     1%          3    #......
c - Sticky Flame          Conj/Fire      ####....     10%         4    ###....
e - Inner Flame           Hex/Fire       ###.....     12%         3    #......


You were on level 5 of the Dungeon.
You were not hungry.

You visited 1 branch of the dungeon, and saw 5 of its levels.
You also visited: Ossuary.

You collected 111 gold pieces.

#...##.#..
#######......#..
#.....#....###..
#.....'....# #..
#.....#.........
#.....#...#####.
#.....#...# .
###.....#.....
##@#.....#...###
#.##.....+....
##.##....#...##
##.#........
##..##.....
#####......
...... ######

Notes
Turn   | Place    | Note
--------------------------------------------------------------
     0 | D:1      | ololoev the Deep Elf Fire Elementalist began the quest for the Orb.
     0 | D:1      | Reached XP level 1. HP: 10/10 MP: 6/6
   114 | D:1      | Reached XP level 2. HP: 14/15 MP: 1/8
   282 | D:1      | Reached XP level 3. HP: 12/19 MP: 0/9
   287 | D:1      | Learned a level 3 spell: Conjure Flame
   291 | D:1      | Learned a level 3 spell: Inner Flame
   332 | D:2      | Found a bloodstained altar of Trog.
   567 | D:4      | Noticed an ogre
   577 | D:4      | Killed an ogre
   577 | D:4      | Reached XP level 4. HP: 22/24 MP: 3/12
   577 | D:4      | Reached XP level 5. HP: 26/28 MP: 3/13
   578 | D:4      | Found a stormy altar of Qazlal.
   627 | D:4      | Learned a level 4 spell: Sticky Flame
   760 | D:4      | Noticed an ogre
   768 | D:4      | Killed an ogre
   768 | D:4      | Reached XP level 6. HP: 15/32 MP: 4/15
   841 | D:4      | Found a sand-covered staircase.
   848 | Ossuary  | Entered an ossuary
   929 | Ossuary  | Reached skill level 5 in Spellcasting
   929 | Ossuary  | Reached skill level 5 in Conjurations
   945 | Ossuary  | Reached skill level 5 in Fire Magic
  1200 | D:5      | Entered Level 5 of the Dungeon
  1200 | D:5      | Noticed a sky beast
  1200 | D:5      | Noticed Kilingo's ghost (novice GrFi)
  1212 | D:5      | Killed a sky beast
  1212 | D:5      | Reached XP level 7. HP: 27/36 MP: 3/17
  1213 | D:5      | Killed Kilingo's ghost
  1414 | D:5      | Quit the game

Dungeon Overview and Level Annotations

Branches:
Dungeon (5/15)
 Temple: D:4-7

Altars:
Qazlal
Trog


Message History

The quokka bites you.
Casting: Flame Tongue
Confirm with . or Enter, or press ? or * to list all spells.
Aiming: Flame Tongue
Press: ? - help, Shift-Dir - straight line, f/p - quokka
Aim: a quokka (severely wounded)
The flame tongue misses the quokka.
The flame tongue hits the jackal.
The jackal appears unharmed.
The quokka barely misses you.
You barely miss the quokka.
The quokka is severely wounded.
The quokka closely misses you.
The adder zombie is engulfed in roaring flames.
You destroy the adder zombie!
The quokka bites you but does no damage.
The quokka closely misses you.
The quokka bites you but does no damage.
The crimson imp shouts!
The crimson imp blinks!
The quokka twitches its whiskers.
The jackal bites you.
The crimson imp blinks!
The quokka misses you. The jackal closely misses you. The jackal bites you.
The quokka bites you but does no damage.
There is a stone staircase leading up here.
The quokka closely misses you.
The jackal bites you but does no damage.
You climb upwards.
There is a stone staircase leading down here.
Casting: Flame Tongue
Confirm with . or Enter, or press ? or * to list all spells.
Aiming: Flame Tongue
Press: ? - help, Shift-Dir - straight line, f - quokka
Aim: a quokka (heavily wounded)
The flame tongue hits the quokka.
The quokka is almost dead.
The quokka bites you.
Casting: Flame Tongue
Confirm with . or Enter, or press ? or * to list all spells.
Aiming: Flame Tongue
Press: ? - help, Shift-Dir - straight line, f/p - quokka
Aim: a quokka (almost dead)
The flame tongue misses the quokka.
The quokka barely misses you.
Casting: Flame Tongue
Confirm with . or Enter, or press ? or * to list all spells.
Aiming: Flame Tongue
Press: ? - help, Shift-Dir - straight line, f/p - quokka
Aim: a quokka (almost dead)
The flame tongue hits the quokka.
You kill the quokka!
You see here a quokka corpse.
You butcher the quokka corpse.
f - 2 chunks of flesh You see here a quokka skeleton.
A kobold comes into view.
Found 18 gold pieces.
There is a stone staircase leading down here.
You climb downwards.
There is a stone staircase leading up here.
Casting: Flame Tongue
Confirm with . or Enter, or press ? or * to list all spells.
Aiming: Sticky Flame
Press: ? - help, Shift-Dir - straight line, f - worker ant
Aim: a worker ant (hasn't noticed you)
The sticky flame hits the worker ant.
The worker ant is heavily wounded.
The worker ant twitches its antennae in your direction.
The worker ant is covered in liquid flames!
The worker ant burns!
The worker ant misses you.
The worker ant bites you but does no damage.
The worker ant burns!
The worker ant burns!
You kill the worker ant!
You open the door.
Found 7 gold pieces and a bread ration.
There is an open door here.
You now have 111 gold pieces (gained 7).
c - 5 bread rations (gained 1) Are you sure you want to abandon this character and quit the game? (Confirm with "yes".)

There were no monsters in sight!

Vanquished Creatures
  The ghost of Kilingo the Honourless, a novice GrFi of the Shining One (D:5)
  A sky beast (D:5)
  2 ogres (D:4)
  A scorpion (D:4)
  2 human zombies (Ossuary)
  A worker ant (D:5)
  2 big kobold zombies (Ossuary)
  2 mummies (Ossuary)
  3 adders
  2 oozes (D:1)
  2 adder zombies
  A dart slug (D:1)
  A giant gecko (D:1)
  7 orcs (D:4)
  3 goblins
  3 hobgoblins
  A jackal (D:4)
  A quokka (D:4)
  4 bats (D:1)
  2 giant newts
  2 goblin zombies (Ossuary)
  13 hobgoblin zombies (Ossuary)
  A jackal zombie (Ossuary)
  3 kobolds
  7 kobold zombies (Ossuary)
  3 orc skeletons (D:4)
  7 orc zombies
  6 rats
  3 rat zombies (Ossuary)
87 creatures vanquished.

Action                   |  1- 3 |  4- 6 |  7- 9 || total
-------------------------+-------+-------+-------++-------
Melee: Dagger            |    13 |    18 |     3 ||    34
       Unarmed           |     2 |       |       ||     2
 Cast: Flame Tongue      |    51 |    31 |     7 ||    89
       Conjure Flame     |       |     8 |     4 ||    12
       Sticky Flame      |       |     4 |     1 ||     5
       Inner Flame       |       |     2 |     2 ||     4
  Use: Scroll            |       |     7 |     1 ||     8
  Eat: Meat ration       |       |       |     1 ||     1
Armor: Robe              |     5 |     8 |    11 ||    24
Dodge: Dodged            |    21 |    32 |    38 ||    91

Vault maps used:
D:1:      shiori_shiawase
D:2:      nicolae_overflow_crystal_walls, minmay_surrounded
D:3:      hangedman_abyss_or_decor_stabs
D:4:      minmay_goblin_kobold_castle, lemuel_crystal_altar, kennysheep_mini,
          marbit_many_paths, first_bread, nicolae_ossuary_entry_catacombs
D:5:      lemuel_ratsnest, amethyst_killhole
Ossuary:  ossuary_tomb_1
